 Dungeon Crawl Stone Soup version 0.30-a0-371-gad7725a93e (webtiles) character file.

Game seed: 8144040948161148138

49 experimilk the Conjurer (level 3, 0/26 HPs)
             Began as a Draconian Conjurer on Nov 20, 2022.
             Slain by Jessica
             ... wielding a +0 dagger
              (1 damage)
             ... on level 2 of the Dungeon.
             The game lasted 00:03:29 (1345 turns).

experimilk the Conjurer (Draconian Conjurer)        Turns: 1345, Time: 00:03:30

Health: 0/26       AC:  5    Str:  9    XL:     3   Next: 53%
Magic:  2/6        EV: 12    Int: 20    God:
Gold:   12         SH:  0    Dex:  9    Spells: 5/6 levels left

rFire   . . .      SeeInvis .    b - +0 dagger
rCold   . . .      Faith    .    (no shield)
rNeg    . . .      Spirit   .    (body armour unavailable)
rPois   .          Reflect  .    (helmet restricted)
rElec   .          Harm     .    (no cloak)
rCorr   .          Rampage  .    (no gloves)
Will    +....                    (no boots)
Stlth   ++........               c - amulet of the acrobat
HPRegen 0.24/turn                g - ring of willpower
MPRegen 0.10/turn                (no ring)

@: invisible
A: AC +5, unfitting armour, cold-blooded
a: no special abilities


You were on level 2 of the Dungeon.
You visited 1 branch of the dungeon, and saw 2 of its levels.

You collected 12 gold pieces.

Inventory:

Hand Weapons
 b - a +0 dagger (weapon)
Jewellery
 c - an amulet of the acrobat (around neck)
 g - a ring of willpower (left hand)
Scrolls
 d - 2 scrolls of enchant armour {unknown}
 e - a scroll of identify {unknown}
Potions
 a - a potion of magic
 f - a potion of invisibility


   Skills:
 - Level 1.7 Dodging
 - Level 1.7 Stealth
 - Level 2.0 Spellcasting
 + Level 5.3 Conjurations


You had 5 spell levels left.
You knew the following spells:

 Your Spells              Type           Power      Damage    Failure   Level
a - Magic Dart            Conj           92%        1d7       1%          1

Your spell library contained the following spells:

 Spells                   Type           Power      Damage    Failure   Level
 Searing Ray              Conj           46%        2d6       2%          2
 Dazzling Flash           Conj/Hex       24%        N/A       16%         3
 Fulminant Prism          Conj/Hex       6%         3d6       45%         4
 Iskenderun's Mystic Bla  Conj/Tloc      12%        2d5       45%         4


Dungeon Overview and Level Annotations

Branches:
Dungeon (2/15)

Altars:

Annotations:
D:2 Jessica


Innate Abilities, Weirdness & Mutations

Your plain brown scales are hard. (AC +5)
You cannot fit into any form of body armour.
You are cold-blooded and may be slowed by cold attacks.


Message History

You are too injured to fight recklessly!
You hit Jessica but do no damage. Jessica hits you with a +0 dagger.
* * * LOW HITPOINT WARNING * * *
Jessica gestures wildly while chanting.
Jessica blinks!
Jessica casts a spell.
Jessica blinks!
It was a potion of invisibility.
You fade into invisibility!
You start resting.
Jessica is nearby!
You are too injured to fight recklessly!
You see here an adder corpse.
Jessica points at something and mumbles some strange words.
You resist with significant effort. Jessica closely misses you.
Casting: Magic Dart (safe; 1% risk of failure)
Confirm with . or Enter, or press ? or * to list all spells.
You don't know that spell.
Unknown command.
Unknown command.
You are too injured to fight recklessly!
Jessica hits you with a +0 dagger.
* * * LOW HITPOINT WARNING * * *
Jessica completely misses you.
You hit Jessica.
Jessica is moderately wounded.
Jessica closely misses you.
You closely miss Jessica.
Jessica is moderately wounded.
Jessica barely misses you. Jessica closely misses you.
You hit Jessica but do no damage.
Jessica is moderately wounded.
Jessica closely misses you.
You closely miss Jessica.
Jessica is moderately wounded.
Jessica hits you with a +0 dagger.
* * * LOW HITPOINT WARNING * * *
Jessica hits you with a +0 dagger.
You die...

#.#.....# #.#.# ######
#.##.########## #.#.#
#.#..#........# #.#.#
##.#..#.######.# #.#.# #.......#
#.# #"#.# #....)..# #.# #.#.#
....... #.......# #.# #.#.#
.......
##....#.######@###.#.###..>..@.
######.#........@.†.....#.S.....
...##............##.....#.......
...##..##........##.....#.......
...##..############(....#.......
.......# #......†...... ...##.##
#.....#....... ...##...
#.....#....... ...######
#######.###### ...# .#


You could see Jessica (fast, unable to see you).

Vanquished Creatures
  3 adders (D:2)
  A dart slug (D:1)
  2 endoplasms (D:2)
  A giant cockroach (D:2)
  4 goblins
  A hobgoblin (D:2)
  2 kobolds (D:2)
  A quokka (D:2)
  5 bats (D:2)
20 creatures vanquished.

Notes
Turn   | Place    | Note
-------+----------+-------------------------------------------
     0 | D:1      | experimilk the Draconian Conjurer began the quest for the
                  | Orb.
     0 | D:1      | Reached XP level 1. HP: 14/14 MP: 3/3
   113 | D:1      | You fall into a shaft and drop 1 floor!
   172 | D:2      | Reached XP level 2. HP: 9/20 MP: 0/5
   674 | D:2      | Identified the +1 scale mail of Evolution {Str+2}
   862 | D:2      | Reached skill level 5 in Conjurations
   862 | D:2      | Reached XP level 3. HP: 26/26 MP: 0/6
  1307 | D:2      | Noticed Jessica
  1345 | D:2      | HP: 1/26 [Jessica/+0 dagger (5)]
  1345 | D:2      | Slain by Jessica

Illustrated notes

Levels and vault maps discovered:
D:1:      dpeg_arrival_shelter, layout_basic
D:2:      layout_basic, uniq_jessica

Skill      XL: |  1  2 |
---------------+-------+-----
Conjurations   | 5 |  5.3
Dodging        | |  1.7
Stealth        | |  1.7
Spellcasting   | |  2.0

Action                   || total
-------------------------++-------
Melee: Dagger            ||    47
       Tailslap          ||     2
 Cast: Magic Dart        ||    51
  Use: Potion            ||     1
Armor: Skin              ||    10
Dodge: Dodged            ||    47

Table legend: (Time is in decaauts)
 A = Elapsed time spent in this place.
 B = Non-inter-level travel time spent in this place.
 C = Inter-level travel time spent in this place.
 D = Time resting spent in this place.
 E = Time spent auto-exploring this place.
 F = Levels seen in this place.
 G = Mean time per level.
                   A        B        C        D        E       F      G
               +--------+--------+--------+--------+--------+-----+--------+
         Total |   1343 |   1343 |      0 |    499 |    660 |   2 |  671.5 |
       Dungeon |   1343 |   1343 |      0 |    499 |    660 |   2 |  671.5 |
               +--------+--------+--------+--------+--------+-----+--------+

Top non-repeatable levels by time:
     D:2: 1231 daAuts
     D:1: 112 daAuts
